 Dungeon Crawl Stone Soup version 0.17-a0-725-gfa8c127 (webtiles) character file.

4598 xeno23 the Frost Mage (level 10, -2/73 HPs)
             Began as a Merfolk Ice Elementalist on Apr 20, 2015.
             Was a Believer of Vehumet.
             Incinerated by a smoke demon (12 damage)
             ... with a sticky flame
             ... on level 9 of the Dungeon.
             The game lasted 00:45:52 (9440 turns).

xeno23 the Frost Mage (Merfolk Ice Elementalist)    Turns: 9440, Time: 00:45:53

Health: -2/73      AC: 10    Str:  9      XL:     10   Next: 41%
Magic:  0/24       EV: 16    Int: 15 (17) God:    Vehumet [**....]
Gold:   381        SH:  0    Dex: 15      Spells: 5 memorised, 2 levels left

rFire  x . .     SeeInvis .     j - +6 glaive of Chaos {flame, rPois MP+9}
rCold  + . .     Clarity  .     a - +0 robe
rNeg   . . .     SustAb   .     (no shield)
rPois  +         Gourm    .     B - +0 helmet
rElec  .         Spirit   +     x - +1 cloak
rCorr  .         Warding  .     (no gloves)
rMut   .         Stasis   .     N - +0 pair of boots
MR     .....                    t - amulet of guardian spirit
Stlth  +.........               h - +4 ring of protection
                                A - ring of ice

@: liquid flames, very slightly contaminated, glowing, not resistant to hostile
enchantments, very unstealthy
A: change form in water, swift swim
a: Renounce Religion


You were on level 9 of the Dungeon.
You worshipped Vehumet.
Vehumet was pleased with you.
You were near starving.

You visited 2 branches of the dungeon, and saw 10 of its levels.

You collected 381 gold pieces.

Inventory:

Hand weapons
 e - a +0 hunting sling
 j - the +6 glaive of Chaos (weapon) {flame, rPois MP+9}
   (You found it on level 5 of the Dungeon)

   It has been specially enchanted to burn those struck by it, causing extra
   injury to most foes and up to half again as much damage against particularly
   susceptible opponents.
   Big, fiery blades are also staple armaments of hydra-hunters.
   It protects you from poison.
   It affects your magic capacity (+9).
 l - a +0 spear
 u - a +0 dagger
 w - a +3 quarterstaff of chaos
Missiles
 D - 14 sling bullets of frost
 Z - a throwing net (quivered)
Armour
 a - a +0 robe (worn)
 k - a +0 buckler
 x - a +1 cloak (worn)
 B - a +0 helmet (worn)
 N - a +0 pair of boots (worn)
 Y - a +0 scale mail of cold resistance
Magical staves
 Q - an uncursed staff of poison
Jewellery
 h - a +4 ring of protection (right hand)
 m - an uncursed ring of protection from cold
 n - an uncursed ring of flight
 t - an amulet of guardian spirit (around neck)
 A - a ring of ice (left hand)
 C - an uncursed amulet of resist mutation
 O - an uncursed ring of sustain abilities
Magical devices
 H - a wand of paralysis (14)
 I - a wand of polymorph (7)
 K - a wand of digging (13)
 L - a wand of polymorph (12)
 M - a wand of fireball (9)
Scrolls
 i - 3 scrolls of remove curse
 y - 5 scrolls of teleportation
 z - 9 scrolls of identify
 R - a scroll of enchant armour
Potions
 d - 3 potions of curing
 p - a potion of brilliance
 q - a potion of mutation
 r - a potion of haste
 v - a potion of poison {unknown}
 E - 3 potions of magic {unknown}
 F - 2 potions of heal wounds {unknown}
 J - a potion of might {unknown}
 S - a potion of restore abilities {unknown}
 U - a potion of cancellation {unknown}
Books
 b - a book of Frost

   Spells                             Type                      Level
   a - Freeze                         Ice                          1
   b - Throw Frost                    Conjuration/Ice              2
   c - Ozocubu's Armour               Charms/Ice                   3
   d - Throw Icicle                   Conjuration/Ice              4
   e - Summon Ice Beast               Ice/Summoning                4
   f - Condensation Shield            Ice                          4
 g - a book of Air

   Spells                             Type                      Level
   a - Shock                          Conjuration/Air              1
   b - Swiftness                      Charms/Air                   2
   c - Repel Missiles                 Charms/Air                   2
   d - Flight                         Charms/Air                   3
   e - Static Discharge               Conjuration/Air              3
   f - Lightning Bolt                 Conjuration/Air              5
 G - a book of Burglary

   Spells                             Type                      Level
   a - Swiftness                      Charms/Air                   2
   b - Passwall                       Transmutation/Earth          3
   c - Passage of Golubria            Translocation                4
   d - Lee's Rapid Deconstruction     Earth                        5
   e - Invisibility                   Hexes                        6
   f - Darkness                       Hexes                        7
 P - a book of Hinderance

   Spells                             Type                      Level
   a - Confusing Touch                Hexes                        2
   b - Confuse                        Hexes                        3
   c - Gell's Gravitas                Hexes/Translocation          3
   d - Petrify                        Transmutation/Earth          4
   e - Metabolic Englaciation         Hexes/Ice                    5
   f - Summon Mana Viper              Hexes/Summoning              5
 T - a book of Spatial Translocations

   Spells                             Type                      Level
   a - Apportation                    Translocation                1
   b - Blink                          Translocation                2
   c - Shroud of Golubria             Charms/Translocation         2
   d - Portal Projectile              Translocation                3
   e - Teleport Other                 Translocation                3
   f - Passage of Golubria            Translocation                4
Comestibles
 c - 9 bread rations
 f - 9 royal jellies
 o - 4 meat rations
 s - 3 slices of pizza
 V - 3 beef jerkies
 W - 3 fruits


   Skills:
 + Level 4.7 Fighting
 * Level 7.8 Polearms
 + Level 6.3 Dodging
 - Level 2.2 Stealth
 * Level 3.9 Spellcasting
 - Level 0.7 Conjurations
 + Level 4.0 Charms
 - Level 6.2 Summonings
 * Level 1.9 Translocations
 * Level 10.0 Ice Magic


You had 2 spell levels left.
You knew the following spells:

 Your Spells              Type           Power        Failure   Level  Hunger
a - Freeze                Ice            ####         1%          1    None
b - Blink                 Tloc           N/A          14%         2    ##.....
c - Summon Ice Beast      Ice/Summ       #####...     8%          4    ####...
q - Throw Icicle          Conj/Ice       ####....     24%         4    ####...
x - Ozocubu's Armour      Chrm/Ice       #####...     2%          3    ###....


Dungeon Overview and Level Annotations

Branches:
Dungeon (9/15)             Temple (1/1) D:6
   Lair: D:8-11         Orc: D:9-12

Altars:
Ashenzari
Cheibriados
Dithmenos
Elyvilon
Fedhas
Gozag
Kikubaaqudgha
Makhleb
Nemelex Xobeh
Okawaru
Qazlal
Ru
Sif Muna
Trog
Vehumet
Xom
Yredelemnul
Zin
The Shining One

Annotations:
D:9 exclusion: obsidian statue


Message History

You are covered in liquid flames!
Your icy armour melts away.
Something stings your ice beast.
Your ice beast is poisoned.
Something poisons your ice beast!
Your ice beast looks weaker.
Something hits your ice beast.
The smoke demon hits you but does no damage. x2
The smoke demon hits you.
Your ice beast hits the smoke demon but does no damage.
The smoke demon gestures at you. The ball of steam hits you!
The steam scalds you terribly!
* * * LOW HITPOINT WARNING * * *
You take 41 damage.
Read which item? (? for menu, Esc to quit)
Blink to where?
Press: ? - help, Dir - move target cursor
As you read the scroll of blinking, it crumbles to dust.
You are covered in liquid flames!
You die...

##.## #.........(## #.##
##########.# #.# ### #.# ##
#.## #)## ##.### ### #..5##
##..#######.#### #####4.8.[#
###...........######.ยง#.....#
##.........@.......3Y45..#
##...############......##
##### #.....## #....## #...##
###.# ###


You could see a smoke demon.

Vanquished Creatures
  The ghost of Baka the Basher, a powerful GrFi of Okawaru (D:9)
  An orange demon (D:9)
  The ghost of Baka the Covered, an average GrFi (D:5)
  A steam dragon (D:9)
  2 soldier ants (D:9)
  A spider (D:9)
  3 sky beasts
  3 black bears (D:6)
  2 phantoms
  3 ogres
  3 centaurs
  A wasp (D:9)
  3 ice beasts
  A big kobold (D:6)
  5 giant frogs
  A scorpion (D:6)
  2 jellies
  3 killer bees (D:9)
  8 wights
  A goliath beetle (D:9)
  A centaur zombie (D:9)
  2 crimson imps
  2 giant frog skeletons
  Crazy Yiuf (D:3)
  4 hounds
  An iguana (D:7)
  2 centaur skeletons
  3 worker ants
  2 killer bee zombies
  A hound skeleton (D:9)
  A worker ant zombie (D:8)
  7 adders
  7 gnolls
  4 shadow imps
  An adder zombie (D:7)
  2 oozes
  A worm (D:3)
  5 giant geckos
  6 orcs
  5 bats
  17 goblins
  14 hobgoblins
  8 jackals
  10 kobolds
  4 giant cockroaches
  2 giant newts
  3 quokkas
  A quokka zombie (D:8)
  12 rats
  A spectral orc (D:5)
176 creatures vanquished.

Vanquished Creatures (collateral kills)
  A red devil (D:9)
  A wyvern (D:9)
  A killer bee (D:9)
  A jelly (D:5)
  An iron imp (D:9)
  A worker ant (D:5)
  A giant newt (D:5)
7 creatures vanquished.

Vanquished Creatures (others)
  3 ice beasts (D:9)
3 creatures vanquished.

Grand Total: 186 creatures vanquished

Notes
Turn   | Place    | Note
--------------------------------------------------------------
     0 | D:1      | xeno23, the Merfolk Ice Elementalist, began the quest for the Orb.
     0 | D:1      | Reached XP level 1. HP: 13/13 MP: 3/3
   425 | D:1      | Reached XP level 2. HP: 19/19 MP: 3/5
  1304 | D:2      | Reached XP level 3. HP: 13/25 MP: 0/6
  1406 | D:2      | Reached skill level 1 in Fighting
  1406 | D:2      | Reached skill level 4 in Ice Magic
  2641 | D:3      | Reached XP level 4. HP: 14/32 MP: 5/7
  2662 | D:3      | Learned a level 4 spell: Summon Ice Beast
  3074 | D:3      | Found a radiant altar of Vehumet.
  3074 | D:3      | Found an ancient bone altar of Kikubaaqudgha.
  3083 | D:3      | Became a worshipper of Vehumet
  3254 | D:3      | Noticed Crazy Yiuf
  3264 | D:3      | Killed Crazy Yiuf
  3264 | D:3      | Reached skill level 1 in Summonings
  3369 | D:1      | Reached XP level 5. HP: 29/38 MP: 3/8
  3691 | D:4      | Learned a level 3 spell: Ozocubu's Armour
  3773 | D:4      | Found a shadowy altar of Dithmenos.
  4038 | D:4      | Found a glowing golden altar of the Shining One.
  4388 | D:5      | Entered Level 5 of the Dungeon
  4388 | D:5      | Noticed an ice beast
  4396 | D:5      | Killed an ice beast
  4396 | D:5      | Reached skill level 5 in Ice Magic
  4396 | D:5      | Reached XP level 6. HP: 42/44 MP: 1/9
  4470 | D:5      | Noticed a sky beast
  4483 | D:5      | Killed a sky beast
  4484 | D:5      | Noticed a sky beast
  4490 | D:5      | Killed a sky beast
  4649 | D:5      | Got a jewelled glaive
  4650 | D:5      | Identified the +6 glaive of Chaos {flame, rPois MP+9} (You found it on level 5 of the Dungeon)
  4701 | D:5      | Found a basalt altar of Yredelemnul.
  4703 | D:5      | Reached XP level 7. HP: 49/49 MP: 10/10
  4764 | D:5      | Acquired Vehumet's first power
  4764 | D:5      | Offered knowledge of Sandblast by Vehumet.
  4764 | D:5      | Reached skill level 6 in Ice Magic
  5020 | D:5      | Noticed Baka's ghost (average GrFi)
  5032 | D:5      | Killed Baka's ghost
  5032 | D:5      | Reached skill level 5 in Summonings
  5035 | D:5      | Reached skill level 7 in Ice Magic
  5329 | D:6      | Reached XP level 8. HP: 55/55 MP: 11/11
  5353 | D:6      | Found a snail-covered altar of Cheibriados.
  5522 | D:6      | Found a deep blue altar of Sif Muna.
  5671 | D:6      | Reached skill level 1 in Polearms
  5671 | D:6      | Reached skill level 8 in Ice Magic
  5737 | D:6      | Found a blossoming altar of Fedhas.
  5757 | D:6      | Reached skill level 1 in Charms
  5763 | D:6      | Found a staircase to the Ecumenical Temple.
  5776 | Temple   | Entered the Ecumenical Temple
  6340 | D:7      | Found an iron altar of Okawaru.
  6438 | D:7      | Reached XP level 9. HP: 62/62 MP: 12/12
  6458 | D:7      | Offered knowledge of Sting by Vehumet.
  6873 | D:8      | Found a stormy altar of Qazlal.
  7090 | D:8      | Reached skill level 5 in Polearms
  7090 | D:8      | Reached skill level 9 in Ice Magic
  7221 | D:8      | Reached skill level 5 in Dodging
  7317 | D:8      | Learned a level 2 spell: Blink
  7917 | D:9      | Noticed an obsidian statue
  7923 | D:9      | Noticed a red devil
  7923 | D:9      | Noticed a red devil
  8318 | D:9      | Noticed Baka's ghost (powerful GrFi)
  8630 | D:8      | Reached XP level 10. HP: 65/72 MP: 15/15
  8643 | D:8      | Learned a level 4 spell: Throw Icicle
  8665 | D:9      | Killed Baka's ghost
  8665 | D:9      | Reached skill level 1 in Translocations
  9034 | D:9      | Reached skill level 10 in Ice Magic
  9154 | D:9      | Found an opulent altar of Gozag.
  9433 | D:9      | Noticed a smoke demon
  9440 | D:9      | Incinerated by a smoke demon

Action                   |  1- 3 |  4- 6 |  7- 9 | 10-12 || total
-------------------------+-------+-------+-------+-------++-------
Melee: Unarmed           |    15 |       |       |       ||    15
       Whip              |    90 |     6 |       |       ||    96
       Dagger            |       |    10 |       |       ||    10
       Spear             |       |    10 |       |       ||    10
       Halberd           |       |    55 |       |       ||    55
       Glaive            |       |     7 |   250 |    73 ||   330
 Fire: Hunting sling     |       |     5 |     3 |       ||     8
 Cast: Freeze            |    28 |    35 |    13 |       ||    76
       Summon Ice Beast  |       |     1 |     5 |     8 ||    14
       Ozocubu's Armour  |       |     1 |     7 |     3 ||    11
       Blink             |       |       |     3 |     3 ||     6
Evoke: Wand              |       |       |     1 |       ||     1
  Use: Scroll            |     1 |     7 |     7 |     1 ||    16
 Stab: Sleeping          |     3 |     1 |     9 |       ||    13
       Distracted        |       |       |     1 |     1 ||     2
  Eat: Chunk             |     6 |     8 |    13 |     2 ||    29
       Royal jelly       |       |       |     1 |     1 ||     2
